 Dungeon Crawl Stone Soup version 0.29-a0-284-gf9362112df (webtiles) character file.

Game seed: 3228818675272805636

19 spaghetti the Magician (level 2, 0/21 HPs)
             Began as a Djinni Summoner on Mar 29, 2022.
             Was a Follower of Elyvilon.
             Slain by a frilled lizard (1 damage)
             ... on level 1 of the Dungeon.
             The game lasted 00:02:16 (1183 turns).

spaghetti the Magician (Djinni Summoner)            Turns: 1183, Time: 00:02:17

Health: 0/21       AC:  2    Str:  7    XL:     2   Next: 95%
Gold:   27         EV: 12    Int: 16    God:    Elyvilon [*.....] SH:  0 Dex: 13

rFire   + + +      SeeInvis .   i - +0 dagger {short}
rCold   x x .      Faith    .   (no shield)
rNeg    . . .      Spirit   .   a - +0 robe
rPois   ∞          Reflect  .   (no helmet)
rElec   .          Harm     .   (no cloak)
rCorr   .          Rampage  .   (no gloves)
Will    .....                   (boots unavailable)
Stlth   ++........              (no amulet)
HPRegen 0.07/turn               f - ring of fire
MPRegen 0.00/turn               (no ring)

@: flying
A: sickness immunity, fire resistance 2, cold vulnerability 1, float, innate
caster, HP casting, extra vitality 1
a: Renounce Religion, Purification


You were on level 1 of the Dungeon.
You worshipped Elyvilon.
Elyvilon was aware of your devotion.
You visited 1 branch of the dungeon, and saw 1 of its levels.

You collected 27 gold pieces.


Innate Abilities, Weirdness & Mutations

You are immune to sickness and miasma.
You are immune to poison.
Your flesh is very heat resistant. (rF++)
You are vulnerable to cold. (rC-)
You float through the air rather than walking.
You learn spells naturally, not from books.
Your magical power is your life essence.
You have superior vitality. (+4 MHP)


   Skills:
 - Level 2.1 Dodging
 - Level 1.5 Stealth
 + Level 3.8 Spellcasting
 + Level 0.4 Invocations


You couldn't memorise any spells.
You knew the following spells:

 Your Spells              Type           Power      Damage    Failure   Level
a - Summon Small Mammal   Summ           60%        N/A       3%          1
b - Call Imp              Summ           15%        N/A       5%          2
c - Call Canine Familiar  Summ           15%        N/A       11%         3
d - Summon Guardian Gole  Hex/Summ       15%        N/A       11%         3
e - Summon Lightning Spi  Summ/Air       15%        N/A       34%         4
Your spell library was empty.

Inventory:

Hand Weapons
 h - a +0 club {mace}
   (You took it off a kobold on level 1 of the Dungeon)
 i - a +0 dagger (weapon) {short}
   (You took it off a goblin on level 1 of the Dungeon)
Missiles
 e - 8 stones {throwing}
Armour
 a - a +0 robe (worn)
Jewellery
 f - a ring of fire (left hand)
   (You found it on level 1 of the Dungeon)
Scrolls
 b - a scroll of vulnerability {unknown}
 d - a scroll of teleportation {unknown}
 g - a scroll of summoning {unknown}
Potions
 c - a potion of heal wounds {unknown}

Dungeon Overview and Level Annotations

Branches:
Dungeon (1/15)

Altars:
Elyvilon

#........#....
#..................#....
#.................##....
#.........##.#..........
#................###....
#.........#.......#.....
#.>....bS.##..###.......
#.....lJ..##...####.....
#@.###...####....⌠
#.###..#...).....⌠ #.#
#............. ##.#
#.#...####....
#..###......#......
#...##.............
#...#..............
#..................
#..................


You could see an endoplasm (ally target), a ball python, a frilled lizard and a
friendly bat (summoned).


Message History

There is an open door here.
You reach down and open the door.
There is an open door here.
Key pressed, stopping explore.
e - 8 stones {throwing} (gained 3)
There is an open door here.
There is an open door here.
Key pressed, stopping explore.
A goblin comes into view. It is wielding a +0 club. 😎 HP[+2]
Your hp is fully restored (21).
Casting: Summon Small Mammal (safe; 3% risk of failure)
Confirm with . or Enter, or press ? or * to list all spells.
You aren't experienced enough to cast this spell.
Casting: Summon Small Mammal (safe; 3% risk of failure)
Confirm with . or Enter, or press ? or * to list all spells.
😕 HP[-1]
You take 1 damage, and now have 20/21 hp.
Casting: Summon Small Mammal (safe; 3% risk of failure)
Confirm with . or Enter, or press ? or * to list all spells.
😕 HP[-1]
You take 1 damage, and now have 19/21 hp.
You swap places.
The goblin misses you.
You hit the goblin.
The goblin hits you with a +0 club. 😕 HP[-1]
You take 1 damage, and now have 18/21 hp.
You hit the goblin.
You kill the goblin!
A quokka comes into view.
You see here a +0 club {mace}.
A quokka is nearby!
A quokka is nearby!
A quokka is nearby!
The quokka twitches its whiskers.
The quokka bites you. The quokka barely misses you.
Your quokka barely misses the quokka. 😕 HP[-2]
You take 2 damage, and now have 16/21 hp.
You closely miss the quokka.
Your quokka bites the quokka.
The quokka bites you but does no damage.
Your rat barely misses the quokka.
You barely miss the quokka.
Your quokka bites the quokka.
The quokka dies!
Your quokka disappears in a puff of smoke!
Your rat disappears in a puff of smoke!
Key pressed, stopping explore.
You now have 27 gold pieces (gained 6).
An endoplasm comes into view. 😎 HP[+5]
Your hp is fully restored (21).
An endoplasm is nearby!
An endoplasm is nearby!
An endoplasm is nearby!
A frilled lizard and a ball python come into view.
The endoplasm quivers.
Found a stone staircase leading down.
The frilled lizard hisses angrily.
You hit the endoplasm. The endoplasm hits you. 😕 HP[-3]
You take 3 damage, and now have 18/21 hp.
Casting: Summon Small Mammal (safe; 3% risk of failure)
Confirm with . or Enter, or press ? or * to list all spells.
The frilled lizard closely misses you. The endoplasm misses you. 😕 HP[-1]
You take 1 damage, and now have 17/21 hp.
Casting: Summon Small Mammal (safe; 3% risk of failure)
Confirm with . or Enter, or press ? or * to list all spells.
The ball python hisses angrily.
Your bat hits the endoplasm but does no damage.
Your bat hits the endoplasm. The endoplasm freezes you.
You are frozen.
You feel a terrible chill!
* * * LOW HITPOINT WARNING * * *
The frilled lizard bites you.
* * * LOW HITPOINT WARNING * * *
😨 HP[-8]
You take 8 damage, and now have 9/21 hp.
MASSIVE DAMAGE!! (PAUSE)
You hit the endoplasm but do no damage.
Your bat hits the endoplasm but does no damage.
The frilled lizard bites you.
* * * LOW HITPOINT WARNING * * *
Your rat bites the endoplasm.
The endoplasm freezes your rat.
Your rat is frozen.
Your rat dies!
Your rat's corpse disappears in a puff of smoke!
The endoplasm quivers. 😨 HP[-1]
You take 1 damage, and now have 8/21 hp.
Unknown command.
You hit the endoplasm but do no damage.
Your bat hits the endoplasm but does no damage.
The endoplasm freezes you.
You are frozen!
You feel a terrible chill!
* * * LOW HITPOINT WARNING * * *
The frilled lizard bites you.
You die...

Action                   || total
-------------------------++-------
Melee: Unarmed           ||    46
       Dagger            ||    12
 Cast: Summon Small Mamm ||    22
 Stab: Distracted        ||     1
Armor: Robe              ||    12
Dodge: Dodged            ||    43

Levels and vault maps discovered:
D:1:      dpeg_arrival_castle, layout_rooms, nicolae_ecumenical_lake_church

Notes
Turn   | Place    | Note
-------+----------+-------------------------------------------
     0 | D:1      | spaghetti the Djinni Summoner began the quest for the Orb.
     0 | D:1      | Reached XP level 1. HP: 15/15 MP: 0/0
     0 | D:1      | magus.rc [v1.9.6]
   112 | D:1      | HP: 3/15 [frozen (6)]
   435 | D:1      | Reached XP level 2. HP: 12/21 MP: 0/0
   825 | D:1      | Found a faded altar of an unknown god.
   860 | D:1      | Prayed at the altar of an unknown god.
   860 | D:1      | Became a worshipper of Elyvilon the Healer
   860 | D:1      | Reached * piety under Elyvilon
  1183 | D:1      | HP: 1/21 [frozen (7)]
  1183 | D:1      | Slain by a frilled lizard

Vanquished Creatures
  A goblin (D:1)
1 creature vanquished.

Vanquished Creatures (collateral kills)
  A dart slug (D:1)
  A bat (D:1)
  2 endoplasms (D:1)
  A giant cockroach (D:1)
  A goblin (D:1)
  A hobgoblin (D:1)
  3 quokkas (D:1)
  2 ball pythons (D:1)
  A kobold (D:1)
13 creatures vanquished.

Grand Total: 14 creatures vanquished

Table legend:
 A = Non-vault XP
 B = Vault XP
 C = Vault XP percentage of total XP
 D = Non-vault monster count
 E = Vault monster count
 F = Vault count percentage of total count
                 A         B        C        D         E       F
            +---------+---------+-------+---------+---------+-------
      Total |      28 |       0 |   0.0 |      14 |       0 |   0.0
            +---------+---------+-------+---------+---------+-------
        D:1 |      28 |       0 |   0.0 |      14 |       0 |   0.0
            +---------+---------+-------+---------+---------+-------

Illustrated notes

Table legend:
 A = Kills in this place as a percentage of kills in entire the game.
 B = Kills by you in this place as a percentage of kills by you in the entire game.
 C = Kills by friends in this place as a percentage of kills by friends in the entire game.
 D = Other kills in this place as a percentage of other kills in the entire game.
 E = Experience gained in this place as a percentage of experience gained in the entire game.
 F = Experience gained in this place divided by the number of levels of this place that you have seen.
                   A       B       C       D       E      F
               +-------+-------+-------+-------+-------+----------------------
         Total | 100.0 | 100.0 | 100.0 |   N/A | 100.0 |  28.0
       Dungeon | 100.0 | 100.0 | 100.0 |   N/A | 100.0 |  28.0
               +-------+-------+-------+-------+-------+----------------------

Table legend: (Time is in decaauts)
 A = Elapsed time spent in this place.
 B = Non-inter-level travel time spent in this place.
 C = Inter-level travel time spent in this place.
 D = Time resting spent in this place.
 E = Time spent auto-exploring this place.
 F = Levels seen in this place.
 G = Mean time per level.
                   A        B        C        D        E       F      G
               +--------+--------+--------+--------+--------+-----+--------+
         Total |   1182 |   1182 |      0 |    396 |    601 |   1 | 1182.0 |
       Dungeon |   1182 |   1182 |      0 |    396 |    601 |   1 | 1182.0 |
               +--------+--------+--------+--------+--------+-----+--------+

Top non-repeatable levels by time:
     D:1: 1182 daAuts
